 Dungeon Crawl Stone Soup version 0.20.1-1-g8b1a95d (webtiles) character file.

2517 Irenicus the Martial Artist (level 9, -2/126 HPs)
             Began as an Octopode Chaos Knight on Oct 18, 2017.
             Slain by a small abomination (12 damage)
             ... summoned by the capriciousness of Xom
             ... on level 9 of the Dungeon.
             The game lasted 00:27:17 (6358 turns).

Irenicus the Martial Artist (Octopode Chaos Knight) Turns: 6358, Time: 00:27:18

Health: -2/126     AC: 24    Str: 16      XL:     9   Next: 54%
Magic:  20/20      EV:  2    Int: 15      God:    Xom [*.....]
Gold:   351        SH:  0    Dex: 16 (19) Spells: 8/8 levels left

rFire    + . .     SeeInvis .     - Unarmed
rCold    + . .     Gourm    .   (no shield)
rNeg     + + +     Faith    .   (helmet currently unavailable)
rPois    +         Spirit   .   (no amulet)
rElec    .         Reflect  .   l - +3 ring of evasion
rCorr    .         Harm     .   o - +4 ring of dexterity
MR       +....     NoTele   +   r - ring of protection from fire
Stlth    ..........             t - ring of magical power
Regen    0.8/turn               u - ring "Obobuthru" {rC+ MR+}
MPRegen  0.2/turn               F - +3 ring of intelligence
                                (no ring)
                                (no ring)

@: confused, berserking, tree-form, very slightly contaminated, very quick
A: almost no armour, stealthy swim, (amphibious), 8 rings, (constrict 8), blurry
vision 1, deterioration 1, dopey 1, regeneration 1, screaming 1, wild magic 1,
no potion heal 1
a: Renounce Religion


You were on level 9 of the Dungeon.
You worshipped Xom.
You were a special plaything of Xom.
You were hungry.
You were a tree.
You visited 1 branch of the dungeon, and saw 9 of its levels.

You collected 351 gold pieces.

Inventory:

Missiles
 y - 3 tomahawks (quivered)
Jewellery
 l - a +3 ring of evasion (left branch)
 o - a +4 ring of dexterity (right branch)
 r - a ring of protection from fire (on tentacle)
 t - a ring of magical power (on tentacle)
 u - the ring "Obobuthru" (on tentacle) {rC+ MR+}
   (Xom gifted it to you on level 3 of the Dungeon)

   [ring of protection from magic]

   It protects you from cold.
   It affects your resistance to hostile enchantments.
 x - an uncursed ring of fire
 F - a +3 ring of intelligence (on tentacle)
Wands
 B - a wand of paralysis (14/24)
 E - a wand of iceblast (4/15)
 M - a wand of acid (10/15)
Scrolls
 d - 2 scrolls of enchant weapon
 e - 3 scrolls of recharging
 g - 5 scrolls of remove curse
 k - a scroll of noise {unknown}
 m - a scroll of immolation {unknown}
 q - a scroll of enchant armour {unknown}
 w - a scroll of fog {unknown}
 G - a scroll of blinking
 J - a scroll of acquirement {unknown}
Potions
 i - 2 potions of brilliance
 s - 2 potions of haste
 v - 2 potions of agility
 A - a potion of resistance
 D - a potion of magic
 I - a potion of curing
Books
 p - a book of Necromancy

   Spells                             Type                      Level
   a - Pain                           Necromancy                   1
   b - Animate Skeleton               Necromancy                   1
   c - Vampiric Draining              Necromancy                   3
   d - Regeneration                   Charms/Necromancy            3
   e - Animate Dead                   Necromancy                   4
   f - Control Undead                 Necromancy                   4
Comestibles
 a - 6 bread rations
 c - 4 royal jellies
 j - 3 meat rations
 n - 5 fruits


   Skills:
 - Level 3.0 Fighting
 + Level 8.3 Dodging
 + Level 7.1 Stealth
 - Level 8.3 Unarmed Combat
 - Level 3.2 Evocations


You had 8 spell levels left.
You didn't know any spells.

Dungeon Overview and Level Annotations

Branches:
Dungeon (10/15)            Temple (0/1) D:5            Lair (0/6) D:10
    Orc: D:9-12

Altars:
Elyvilon
Fedhas
Kikubaaqudgha

Shops:
D:4 =}[   D:6 :

Annotations:
D:9 Maurice; arttle's ghost, novice MiBe


Innate Abilities, Weirdness & Mutations

You cannot wear most types of armour.
You are very stealthy in the water. (Stealth+)
((You are amphibious.))
You can wear up to eight rings at the same time.
((You can use your tentacles to constrict eight enemies at once.))
((Your skin changes colour to match your surroundings (Stealth+).))
((Your rubbery body absorbs attacks. (AC +1, EV +1)))
((You have a beak for a mouth.))
((You are partially covered in iridescent scales. (AC +2)))
Scrolls take you a little longer to read.
Your body sometimes deteriorates upon taking damage.
You are dopey. (Int -2)
((Your flesh is heat resistant. (rF+)))
Your natural rate of healing is unusually fast.
You occasionally shout uncontrollably at your foes.
Your spells are a little harder to cast, but a little more powerful.
Potions are less effective at restoring your health.


Message History

* * * LOW HITPOINT WARNING * * *
You are confused.
Your system partially rejects the healing.
You feel invigorated. The small abomination hits you!
* * * LOW HITPOINT WARNING * * *
The small abomination hits you.
* * * LOW HITPOINT WARNING * * *
The small abomination hits you but does no damage. x2
The small abomination barely misses you.
A red film seems to cover your vision as you go berserk!
You feel yourself moving faster!
You feel mighty! The small abomination hits you!
* * * LOW HITPOINT WARNING * * *
The small abomination hits you but does no damage. x3
You cannot move. (Use ctrl+direction to attack without moving.)
You swing at nothing.
You feel a strong urge to attack something.
The small abomination hits you!
You die... "This toy is broken."

...#####....#.§§.###.≈##.#
..............#≈..#[.≈#..#
#+###+#########≈≈...≈≈#..#
..........#...#≈≈≈≈§§≈#..#
..........#...#########..#
..........#....#.# #.....#
..........#....#.# #.....#
..........#....xx###.....#
#####+##..# #♣x.......#
.......#..# #####.....#
.......#..# #.....#
.......# .# '.....#
.......# .#.....# o......#
#.....# ..###+## #.....#
..# #.....# #.# #..##.#


You could see 3 small abominations.

Vanquished Creatures
  Pikel (D:4)
  2 sky beasts
  An ice beast (D:5)
  4 ogres
  2 centaurs
  2 bullfrogs
  A big kobold (D:5)
  A wyvern zombie (D:9)
  A scorpion (D:4)
  A howler monkey (D:6)
  A centaur zombie (D:9)
  3 crimson imps
  3 hounds
  3 orc priests
  2 jellies
  Jessica (D:2)
  Terence (D:2)
  Natasha (thrice) (D:3)
  4 orc wizards
  3 worker ants (D:4)
  Robin (D:3)
  8 adders
  3 oozes (D:2)
  2 adder skeletons
  6 worms (D:2)
  2 dart slugs (D:2)
  2 leopard geckos (D:2)
  16 orcs
  4 giant cockroaches
  17 goblins
  16 hobgoblins
  8 jackals
  2 quokkas
  6 bats
  4 frilled lizards
  10 kobolds
  3 leopard gecko skeletons
  6 rats
156 creatures vanquished.

Vanquished Creatures (others)
  A worker ant (D:4)
1 creature vanquished.

Grand Total: 157 creatures vanquished

Notes
Turn   | Place    | Note
-------+----------+-------------------------------------------
     0 | D:1      | Irenicus the Octopode Chaos Knight began the quest for the Orb.
     0 | D:1      | Reached XP level 1. HP: 16/16 MP: 1/1
    47 | D:1      | XOM: silly message
    82 | D:1      | XOM: harmless Fire miscast
   113 | D:1      | XOM: harmless Hex miscast
   327 | D:1      | Reached XP level 2. HP: 18/21 MP: 2/2
   444 | D:1      | XOM: harmless Hex miscast
   624 | D:2      | Noticed Jessica
   635 | D:2      | Noticed Terence
   667 | D:2      | XOM: potion effect (agility)
   684 | D:2      | Killed Terence
   684 | D:2      | Reached XP level 3. HP: 15/26 MP: 3/3
   721 | D:2      | Killed Jessica
   721 | D:2      | Reached skill level 5 in Unarmed Combat
   721 | D:2      | Reached XP level 4. HP: 19/31 MP: 4/4
  1011 | D:2      | XOM: butterfly on damage
  1025 | D:2      | XOM: harmless Pois miscast
  1039 | D:2      | XOM: smoke on damage
  1055 | D:2      | Found an ancient bone altar of Kikubaaqudgha.
  1055 | D:2      | Noticed a human
  1083 | D:2      | XOM: divination: magic mapping
  1166 | D:2      | Reached XP level 5. HP: 20/36 MP: 5/5
  1210 | D:2      | Found a white marble altar of Elyvilon.
  1553 | D:3      | XOM: silly message
  1625 | D:3      | Noticed Robin
  1646 | D:3      | Killed Robin
  1712 | D:3      | XOM is BORED!
  1712 | D:3      | XOM: noise
  1838 | D:3      | Noticed Natasha
  1841 | D:3      | XOM: cast spell 'Summon Ice Beast'
  1846 | D:3      | Killed Natasha
  1873 | D:3      | Noticed Natasha
  1994 | D:3      | XOM: god gift: flickering bone ring {god gift}
  1995 | D:3      | Got a flickering bone ring {god gift}
  1996 | D:3      | Identified the ring "Obobuthru" {rC+ MR+} (Xom gifted it to you on level 3 of the Dungeon)
  2011 | D:3      | Killed Natasha
  2011 | D:3      | Reached XP level 6. HP: 8/42 MP: 6/6
  2202 | D:3      | Noticed Natasha
  2219 | D:3      | Killed Natasha
  2301 | D:4      | Found Omynk's Jewellery Boutique.
  2329 | D:4      | Found Yrghauhy's Gadget Shoppe.
  2446 | D:4      | Reached skill level 1 in Stealth
  2497 | D:4      | XOM: medium Erth miscast
  2670 | D:4      | XOM: medium Erth miscast
  2733 | D:4      | XOM: mild Ice miscast
  2940 | D:4      | Noticed Pikel
  2940 | D:4      | Noticed a slave
  2940 | D:4      | Noticed a slave
  2940 | D:4      | Noticed a slave
  2940 | D:4      | XOM: cast spell 'Leda's Liquefaction'
  2954 | D:4      | XOM: cast spell 'Summon Ice Beast'
  2962 | D:4      | Killed Pikel
  2962 | D:4      | Reached XP level 7. HP: 45/46 MP: 7/7
  2962 | D:4      | Reached XP level 8. HP: 51/52 MP: 8/8
  3158 | D:4      | XOM: harmless Necr miscast
  3281 | D:4      | Found Bicw's Armour Shop.
  3508 | D:4      | XOM: noise
  3570 | D:4      | Reached skill level 5 in Stealth
  3628 | D:4      | XOM: potion effect (agility)
  3645 | D:4      | Reached skill level 1 in Evocations
  3654 | D:5      | Entered Level 5 of the Dungeon
  3674 | D:5      | XOM: harmless Necr miscast
  3682 | D:5      | XOM: chaos cloud
  3720 | D:5      | Reached skill level 5 in Dodging
  3792 | D:5      | XOM: give mutations
  3792 | D:5      | Gained mutation: Your body sometimes deteriorates upon taking damage. [Xom's mischief]
  3792 | D:5      | Gained mutation: You are dopey. (Int -2) [Xom's mischief]
  3792 | D:5      | Gained mutation: You occasionally shout uncontrollably at your foes. [Xom's mischief]
  3792 | D:5      | Gained mutation: You are partially covered in iridescent scales. (AC +2) [Xom's mischief]
  3795 | D:5      | XOM: 1-stop teleportation journey
  3826 | D:5      | XOM: enchant monster (bad)
  3914 | D:5      | XOM: mild Tmut miscast
  4076 | D:5      | XOM: 4-stop teleportation journey
  4180 | D:5      | Found a staircase to the Ecumenical Temple.
  4264 | D:5      | XOM: give mutation
  4264 | D:5      | Gained mutation: You are frail. (-10% HP) [Xom's mischief]
  4296 | D:5      | XOM: divination: detect creatures
  4378 | D:4      | XOM: give mutation
  4378 | D:4      | Gained mutation: Your natural rate of healing is unusually fast. [Xom's grace]
  4488 | D:6      | Gained mutation: Your spells are a little harder to cast, but a little more powerful. [mutagenic meat]
  4489 | D:6      | Gained mutation: Potions are less effective at restoring your health. [mutagenic meat]
  4490 | D:6      | Gained mutation: Scrolls take you a little longer to read. [mutagenic meat]
  4502 | D:6      | Found Ymivepo's Book Boutique.
  4562 | D:6      | Reached XP level 9. HP: 50/50 MP: 11/11
  4633 | D:6      | Found a blossoming altar of Fedhas.
  5194 | D:6      | XOM: summons 2 hostile shadow creatures
  5261 | D:6      | XOM: give mutations
  5261 | D:6      | Lost mutation: You are frail. (-10% HP) [Xom's grace]
  5261 | D:6      | Gained mutation: Your flesh is heat resistant. (rF+) [Xom's grace]
  5261 | D:6      | Gained mutation: You have a beak for a mouth. [Xom's grace]
  5377 | D:6      | XOM: harmless Hex miscast
  5595 | D:7      | XOM: summons 4 hostile shadow creatures
  5611 | D:7      | You fall through a shaft for 3 floors!
  5611 | D:10     | Entered Level 10 of the Dungeon
  5611 | D:10     | Found a staircase to the Lair.
  5733 | D:10     | XOM: summons 4 hostile shadow creatures
  5907 | D:9      | XOM: harmless Summ miscast
  6115 | D:9      | Noticed arttle's ghost (novice MiBe)
  6147 | D:9      | XOM: blink monster(s)
  6157 | D:9      | Noticed Maurice
  6184 | D:9      | XOM: 2-stop teleportation journey
  6188 | D:9      | XOM: polymorph eye of draining -> tarantella
  6191 | D:9      | XOM: divination: detect items
  6250 | D:9      | XOM: 1-stop teleportation journey
  6262 | D:9      | XOM: enchant monster (bad)
  6349 | D:9      | XOM: medium Summ miscast
  6358 | D:9      | Slain by a small abomination

Skill      XL: |  1  2  3  4  5  6  7  8  9 |
---------------+----------------------------+-----
Unarmed Combat | 4 5 6 8 |  8.3
Stealth        | 3 5 7 |  7.1
Dodging        | 3 6 8 |  8.3
Evocations     | 3 |  3.2
Fighting       | |  3.0

Action                   |  1- 3 |  4- 6 |  7- 9 || total
-------------------------+-------+-------+-------++-------
Melee: Unarmed           |    44 |   199 |   212 ||   455
       Constrict         |    15 |    50 |    36 ||   101
       Tentacles         |    10 |    38 |    47 ||    95
       Punch             |     1 |    12 |    15 ||    28
       Peck              |       |       |    25 ||    25
Throw: Tomahawk          |       |    10 |     6 ||    16
Evoke: Wand              |       |     1 |     4 ||     5
  Use: Scroll            |       |     4 |    12 ||    16
       Potion            |       |     1 |     8 ||     9
 Stab: Sleeping          |     1 |     2 |    12 ||    15
       Distracted        |       |     1 |       ||     1
       Paralysed         |       |     6 |     3 ||     9
  Eat: Chunk             |       |     6 |    13 ||    19
       Fruit             |       |       |     3 ||     3
Armor: Skin              |     3 |     9 |    21 ||    33
Dodge: Dodged            |    28 |   131 |   142 ||   301
